 Dungeon Crawl Stone Soup version 0.27.1-3-gb3d3a73c9e (webtiles) character file.

Game seed: 11129592391942137458

32 Borgoz the Ruffian (level 3, -6/33 HPs)
             Began as a Ghoul Monk on Oct 30, 2021.
             Mangled by an iguana (11 damage)
             ... on level 2 of the Dungeon.
             The game lasted 00:01:07 (1131 turns).

Borgoz the Ruffian (Ghoul Monk)                     Turns: 1131, Time: 00:01:08

Health: -6/33      AC:  2    Str: 14    XL:     3   Next: 27%
Magic:  2/2        EV: 12    Int:  5    God:
Gold:   8          SH:  0    Dex: 12    Spells: 2/2 levels left

rFire    . . .     SeeInvis .     - Unarmed
rCold    + . .     Faith    .   (no shield)
rNeg     + + +     Spirit   .   a - +0 robe
rPois    ∞         Reflect  .   (no helmet)
rElec    .         Harm     .   (no cloak)
rCorr    .         Rampage  .   (no gloves)
Will     .....                  (no boots)
Stlth    ++........             (no amulet)
HPRegen  0.00/turn              (no ring)
MPRegen  0.08/turn              (no ring)

@: inhibited regen
A: claws 1, cold resistance 1, negative energy resistance 3, inhibited
regeneration, torment resistance 2
a: no special abilities


You were on level 2 of the Dungeon.
You visited 1 branch of the dungeon, and saw 2 of its levels.

You collected 8 gold pieces.

Inventory:

Armour
 a - a +0 robe (worn)
Scrolls
 c - a scroll of teleportation {unknown}
 e - 2 scrolls of identify {unknown}


   Skills:
 + Level 3.6 Fighting
 + Level 1.1 Armour
 + Level 3.0 Dodging
 - Level 2.1 Stealth
 + Level 3.7 Unarmed Combat


You had 2 spell levels left.
You didn't know any spells.
Your spell library was empty.

Dungeon Overview and Level Annotations

Branches:
Dungeon (1/15)

Altars:


Innate Abilities, Weirdness & Mutations

You thrive by killing the living.
You are immune to poison.
You have sharp fingernails.
Your flesh is cold resistant. (rC+)
You are immune to negative energy. (rN+++)
You do not regenerate when monsters are visible.
You are immune to unholy pain and torment.


Message History

You are too injured to fight recklessly!
You are too injured to fight recklessly!
You are too injured to fight recklessly!
You are too injured to fight recklessly!
You are too injured to fight recklessly!
You are too injured to fight recklessly!
You are too injured to fight recklessly!
You are too injured to fight recklessly!
You are too injured to fight recklessly!
You are too injured to fight recklessly!
You are too injured to fight recklessly!
You are too injured to fight recklessly!
Sorry, you're not good enough to have a special ability.
Sorry, you're not good enough to have a special ability.
It was a potion of magic.
Magic courses through your body. The iguana barely misses you.
It was a potion of curing.
You feel better. The iguana barely misses you.
You scratch the iguana but do no damage.
The iguana is moderately wounded.
The iguana bites you!
You barely miss the iguana.
The iguana is moderately wounded.
The iguana bites you!
* * * LOW HITPOINT WARNING * * *
You feel better. The iguana bites you!
* * * LOW HITPOINT WARNING * * *
You aren't carrying any potions.
Okay, then.
You barely miss the iguana.
The iguana is moderately wounded.
The iguana closely misses you.
You claw the iguana!
The iguana is almost dead.
You barely miss the iguana.
The iguana is almost dead.
The iguana closely misses you.
You scratch the iguana.
The iguana is almost dead.
The iguana bites you!
You die...

## #.# #...# ... #.#
+...# .... #.# #...#####
.....##.#####.....######
............'.....'.>...
#..[.##.#####.....#.####
#.. #.# #.....#.# # #.#
#.....#.# #@# #######.#
#l# #......# #K#
#...†..# #'# #......#
... ######.# ... #.# ...
#.# ..... #.# #.#


You could see an iguana and a kobold.

Vanquished Creatures
  4 endoplasms
  A giant cockroach (D:1)
  2 goblins (D:1)
  8 hobgoblins
  2 jackals (D:1)
  A quokka (D:1)
  4 bats
  2 kobolds
  3 rats (D:1)
27 creatures vanquished.

Notes
Turn   | Place    | Note
-------+----------+-------------------------------------------
     0 | D:1      | Borgoz the Ghoul Monk began the quest for the Orb.
     0 | D:1      | Reached XP level 1. HP: 19/19 MP: 0/0
   250 | D:1      | Reached XP level 2. HP: 26/26 MP: 1/1
   707 | D:1      | Reached skill level 1 in Armour
   707 | D:1      | Reached XP level 3. HP: 28/31 MP: 2/2
   739 | D:1      | Found a faded altar of an unknown god.
   965 | D:1      | You fall into a shaft and drop 1 floor!
  1131 | D:2      | Mangled by an iguana

Illustrated notes

Levels and vault maps discovered:
D:1:      onia_arrival_pentagram, layout_loops_corners, basic_ecumenical_altar
D:2:      layout_basic, minmay_misc_feat_doors

Skill      XL: |  1  2  3 |
---------------+----------+-----
Armour         | 1 |  1.1
Dodging        | 3 |  3.0
Fighting       | |  3.6
Stealth        | |  2.1
Unarmed Combat | |  3.7

Action                   || total
-------------------------++-------
Melee: Unarmed           ||   100
       Punch             ||     1
  Use: Potion            ||     3
 Stab: Sleeping          ||     4
Armor: Robe              ||    16
Dodge: Dodged            ||    47
